 Dungeon Crawl Stone Soup version 0.22.1-1-ga44c0e56f4 (webtiles) character file.

367 JustaMe the Cudgeler (level 6, -11/55 HPs)
             Began as a Minotaur Fighter on Sept 22, 2018.
             Killed by divine providence
             ... invoked by an orc priest
              (14 damage)
             ... on level 4 of the Dungeon.
             The game lasted 00:25:17 (2526 turns).

JustaMe the Cudgeler (Minotaur Fighter)             Turns: 2526, Time: 00:25:18

Health: -11/55     AC:  7    Str: 27    XL:     6   Next: 41%
Magic:  5/5        EV:  8    Int:  5    God:
Gold:   155        SH: 10    Dex: 10    Spells: 5/5 levels left

rFire    . . .     SeeInvis .   a - +0 flail
rCold    . . .     Gourm    .   c - +0 shield
rNeg     . . .     Faith    .   b - +0 scale mail
rPois    .         Spirit   .   (helmet restricted)
rElec    .         Reflect  .   (no cloak)
rCorr    .         Harm     .   (no gloves)
MR       .....                  (no boots)
Stlth    ..........             (no amulet)
HPRegen  0.18/turn              (no ring)
MPRegen  0.09/turn              (no ring)

@: mighty
A: retaliatory headbutt, horns 2
a: no special abilities


You were on level 4 of the Dungeon.
You were not hungry.

You visited 1 branch of the dungeon, and saw 4 of its levels.

You collected 155 gold pieces.

Inventory:

Hand Weapons
 a - a +0 flail (weapon)
Missiles
 l - 59 stones (quivered)
Armour
 b - a +0 scale mail (worn)
 c - a +0 shield (worn)
 t - a +0 troll leather armour {Purgy}
Jewellery
 h - a cursed ring of teleportation {unknown}
 p - an uncursed amulet of faith {unknown}
 s - an uncursed ring of see invisible {unknown}
Wands
 y - a wand of digging (20)
Scrolls
 j - 6 scrolls of identify {unknown}
 n - a scroll of enchant weapon {unknown}
 o - 3 scrolls of remove curse {unknown}
 q - a scroll of immolation {unknown}
 r - 3 scrolls of amnesia {unknown}
 u - a scroll of fear {unknown}
 v - 2 scrolls of teleportation {unknown}
 w - a scroll of enchant armour {unknown}
 x - a scroll of fog {unknown}
 A - a scroll of magic mapping {unknown}
Potions
 d - a potion of might
 e - a potion of brilliance {unknown}
 i - 2 potions of lignification {unknown}
 k - a potion of cancellation {unknown}
 m - 2 potions of curing {unknown}
 z - 2 potions of heal wounds {unknown}
Comestibles
 f - 9 rations
 g - 5 chunks of flesh


   Skills:
 + Level 4.8 Fighting
 + Level 6.0 Maces & Flails
 - Level 4.7 Armour
 - Level 0.2 Dodging
 + Level 0.1 Stealth
 - Level 5.0 Shields


You had 5 spell levels left.
You didn't know any spells.
Your spell library was empty.

Dungeon Overview and Level Annotations

Branches:
Dungeon (4/15)             Temple (0/1) D:4

Altars:
Ru
Trog

Annotations:
D:3 2 transporters, sunhra's ghost, amateur DrCj


Innate Abilities, Weirdness & Mutations

You reflexively headbutt those who attack you in melee.
You have a pair of horns on your head.


Message History

There is an open door here.
The orc priest barely misses you.
The orc priest invokes the aid of Beogh against you.
Beogh smites you!
Your shield and scale mail prevent you from hitting the orc priest.
Your headbutt misses the orc priest.
The orc priest hits you but does no damage.
You closely miss the orc priest. You block the orc priest's attack.
You barely miss the orc priest.
The orc priest invokes the aid of Beogh against you.
Pain shoots through your body!
You closely miss the orc priest. The orc priest barely misses you.
There is an open door here.
You feel very mighty all of a sudden.
The orc priest mumbles some strange prayers to Beogh against you.
Beogh smites you!
* * * LOW HITPOINT WARNING * * *
The orc priest mumbles some strange prayers to Beogh against you.
Beogh smites you!
You die...

#.##############.....
###.##...........#.....
#...##...........'.....
#...##.................
#...##......#######....
#...##.....#.)≈≈≈..#...
###.##....#..≈†..≈..#..
#.##...#...≈._.≈...#.
#.o'@...#..≈...≈..#..
####.....#..≈≈≈..#.##
#......#######.##
#.............##
###############


You could see an orc priest.

Vanquished Creatures
  Purgy (D:3)
  An ogre (D:4)
  A hound (D:4)
  Crazy Yiuf (D:3)
  A worker ant (D:4)
  An adder (D:3)
  2 oozes
  2 worms
  3 dart slugs
  2 leopard geckos (D:1)
  8 orcs
  A ball python (D:2)
  4 giant cockroaches
  7 goblins
  7 hobgoblins
  3 jackals (D:1)
  3 quokkas
  6 bats
  6 frilled lizards
  4 kobolds
  7 rats
71 creatures vanquished.

Notes
Turn   | Place    | Note
-------+----------+-------------------------------------------
     0 | D:1      | JustaMe the Minotaur Fighter began the quest for the Orb.
     0 | D:1      | Reached XP level 1. HP: 19/19 MP: 0/0
    78 | D:1      | Reached XP level 2. HP: 27/27 MP: 1/1
   647 | D:2      | Reached XP level 3. HP: 32/33 MP: 2/2
   753 | D:2      | Found a bloodstained altar of Trog.
   799 | D:2      | You fall through a shaft for 2 floors!
   817 | D:4      | Reached skill level 3 in Maces & Flails
   847 | D:4      | Noticed an ogre
   866 | D:4      | Killed an ogre
   866 | D:4      | Reached XP level 4. HP: 25/41 MP: 3/3
   866 | D:4      | Reached XP level 5. HP: 29/47 MP: 4/4
   915 | D:4      | Reached skill level 4 in Maces & Flails
   915 | D:4      | Reached skill level 5 in Shields
  1054 | D:3      | Found a transporter.
  1059 | D:3      | Noticed sunhra's ghost (amateur DrCj)
  1087 | D:3      | Noticed Purgy
  1110 | D:3      | Killed Purgy
  1110 | D:3      | Reached skill level 5 in Maces & Flails
  1110 | D:3      | Reached XP level 6. HP: 34/53 MP: 5/5
  1902 | D:3      | Found a transporter.
  2057 | D:3      | Found a runed door.
  2255 | D:3      | Noticed Crazy Yiuf
  2258 | D:3      | Killed Crazy Yiuf
  2405 | D:4      | Found a staircase to the Ecumenical Temple.
  2469 | D:4      | Found a sacrificial altar of Ru.
  2478 | D:4      | Reached skill level 6 in Maces & Flails
  2526 | D:4      | Killed from afar by an orc priest

Skill      XL: |  1  2  3  4  5  6 |
---------------+-------------------+-----
Shields        | 4 5 |  5.0
Armour         | 4 |  4.7
Fighting       | 4 |  4.8
Maces & Flails | 3 5 6 |  6.0
Dodging        | |  0.2
Stealth        | |  0.1

Action                   |  1- 3 |  4- 6 || total
-------------------------+-------+-------++-------
Melee: Flail             |    55 |   126 ||   181
       Headbutt          |    12 |    18 ||    30
  Use: Potion            |       |     1 ||     1
  Eat: Chunk             |       |     5 ||     5
Armor: Scale mail        |    17 |    49 ||    66
Dodge: Dodged            |    12 |    31 ||    43
Block: Shield            |    18 |    59 ||    77
